 Dungeon Crawl Stone Soup version 0.24.0-123-gd5b16e6ec5 (webtiles) character file.

Game seed: 6421516291115342796, levelgen mode: deterministic

25554 Amplified the Martial Artist (level 13, -1/99 HPs)
             Began as a Gnoll Transmuter on Jan 3, 2020.
             Was a Priest of Ashenzari.
             Slain by a flying skull (5 damage)
             ... in a Gauntlet.
             The game lasted 00:28:26 (16293 turns).

Amplified the Martial Artist (Gnoll Transmuter)    Turns: 16293, Time: 00:28:27

Health: -1/99      AC: 12    Str: 21    XL:     13   Next: 20%
Magic:  26/26      EV: 21    Int: 16    God:    Ashenzari [***...]
Gold:   21         SH:  0    Dex: 19    Spells: 16/30 levels left

rFire    . . .     SeeInvis +   J - +8 storm bow {elec, penet} (curse)
rCold    + . .     Gourm    .   (shield currently unavailable)
rNeg     + . .     Faith    .   D - +2 leather armour {rN+} (curse)
rPois    .         Spirit   .   f - +2 helmet {SInv} (curse)
rElec    .         Reflect  .   I - +2 cloak (curse)
rCorr    +         Harm     .   (no gloves)
MR       .....     NoTele   +   (no boots)
Stlth    ++++......             (no amulet)
HPRegen  0.26/turn              q - ring of protection from cold
MPRegen  0.20/turn              v - ring of resist corrosion

@: mighty
A: distributed training, fangs 1, hooves 1, agile 1, screaming 1, strong nose
a: Curse Item, Scrying, Renounce Religion


You were in a Gauntlet.
You worshipped Ashenzari.
Ashenzari was most pleased with you.
You were not hungry.

You visited 2 branches of the dungeon, and saw 13 of its levels.
You also visited: Gauntlet.

You collected 1010 gold pieces.
You spent 989 gold pieces at shops.

Inventory:

Hand Weapons
 p - the +9 staff of Olgreb {rPois}
   (You found it on level 6 of the Dungeon)

   It protects you from poison.
 r - the +5 spear of Distraction {freeze, Str+2}
   (You found it on level 5 of the Dungeon)

   It has been specially enchanted to freeze those struck by it, causing extra
   injury to most foes and up to half again as much damage against particularly
   susceptible opponents.
   It can also slow down cold-blooded creatures.
   It affects your strength (+2).
 A - the +3 halberd "Uxzyrem" {elec, rPois SInv}
   (You found it on level 8 of the Dungeon)

   Occasionally, upon striking a foe, it will discharge some electrical energy
   and cause terrible harm.
   It protects you from poison.
   It lets you see invisible.
 J - the cursed +8 storm bow (weapon) {elec, penet}
   (You bought it in a shop on level 11 of the Dungeon)

   It charges the ammunition it shoots with electricity; occasionally upon a
   hit, such missiles may discharge and cause terrible harm.
   Ammo fired by it will pass through the targets it hits, potentially hitting
   all targets in its path until it reaches maximum range.
   It has a curse placed upon it.
Missiles
 a - 192 arrows (quivered)
 j - 9 poisoned darts
Armour
 f - a cursed +2 helmet of see invisible (worn)
 n - a +2 chain mail of magic resistance
 D - a cursed +2 leather armour of positive energy (worn)
 I - a cursed +2 cloak (worn)
Magical Staves
 y - an uncursed staff of fire
Jewellery
 q - a ring of protection from cold (left hand)
 t - an uncursed ring of stealth
 v - a ring of resist corrosion (right hand)
 G - an uncursed ring of protection from magic
 K - an uncursed ring of ice
Wands
 h - a wand of polymorph (7)
 i - a wand of digging (9)
 o - a wand of random effects (17)
 z - a wand of flame (24)
 B - a wand of acid (3)
 F - a wand of clouds (7)
 M - a wand of disintegration (11)
Scrolls
 k - a scroll of noise
 l - 2 scrolls of teleportation
 m - a scroll of fear
 s - a scroll of amnesia
 w - 2 scrolls of magic mapping
 E - 2 scrolls of identify
Potions
 c - a potion of brilliance
 e - a potion of flight
 g - a potion of might
 C - 2 potions of mutation
 L - a potion of magic
Miscellaneous
 H - a sack of spiders
Comestibles
 d - 19 rations


   Skills:
 + Level 8.4 Fighting
 + Level 7.9 Short Blades
 + Level 7.9 Long Blades
 + Level 7.9 Axes
 + Level 7.9 Maces & Flails
 + Level 7.9 Polearms
 + Level 7.9 Staves
 + Level 7.9 Slings
 + Level 7.9(11.7) Bows
 + Level 7.9 Crossbows
 + Level 7.9 Throwing
 + Level 7.9 Armour
 + Level 9.2(11.0) Dodging
 + Level 7.9(9.8) Stealth
 + Level 7.9 Shields
 + Level 10.2 Unarmed Combat
 + Level 9.4 Spellcasting
 + Level 6.6 Conjurations
 + Level 6.6 Hexes
 + Level 6.6 Charms
 + Level 6.6 Summonings
 + Level 6.6 Necromancy
 + Level 6.6 Translocations
 + Level 7.7 Transmutations
 + Level 6.6 Fire Magic
 + Level 6.6 Ice Magic
 + Level 6.6 Air Magic
 + Level 6.6 Earth Magic
 + Level 6.6 Poison Magic
 + Level 8.7 Invocations
 + Level 7.9 Evocations


You had 16 spell levels left.
You knew the following spells:

 Your Spells              Type           Power        Failure   Level  Hunger
a - Blade Hands           Tmut           ####......   12%         5    #####..
b - Sticks to Snakes      Tmut           ####....     1%          2    None
c - Spider Form           Tmut/Pois      ####......   1%          3    None
d - Ice Form              Ice/Tmut       ####....     5%          4    ###....

Your spell library contained the following spells:

 Spells                   Type           Power        Failure   Level  Hunger
 Beastly Appendage        Tmut           ####..       1%          1    None
 Confusing Touch          Hex            ####..       1%          1    None
 Magic Dart               Conj           ####         1%          1    None
 Searing Ray              Conj           ####..       1%          2    None
 Confuse                  Hex            ####....     2%          3    None
 Dazzling Spray           Conj/Hex       ####..       2%          3    None
 Gell's Gravitas          Tloc           ####......   2%          3    None
 Petrify                  Tmut/Erth      ####....     5%          4    ###....
 Force Lance              Conj/Tloc      ####....     7%          4    ###....
 Fulminant Prism          Conj/Hex       ####......   7%          4    ###....
 Iskenderun's Mystic Bla  Conj           ####....     7%          4    ###....
 Yara's Violent Unravell  Hex/Tmut       ####......   16%         5    #####..
 Metabolic Englaciation   Hex/Ice        ####......   21%         5    #####..


Dungeon Overview and Level Annotations

Branches:
Dungeon (12/15)            Temple (0/1) D:6            Lair (1/6) D:9
    Orc (0/2) D:11        Gauntlet (1/1)

Altars:
Ashenzari
Cheibriados
Fedhas
Nemelex Xobeh
Ru
Sif Muna
Trog
Vehumet
Xom
Yredelemnul
The Shining One

Shops:
D:8 =   D:11 :[(

Annotations:
Gauntlet 9 transporters


Innate Abilities, Weirdness & Mutations

Your experience applies equally to all skills.
You have very sharp teeth.
Your uncanny sense of smell can sniff out nearby items.
You have large cloven feet.
You are agile. (Dex +2)
You occasionally shout uncontrollably at your foes.


Message History

* * * LOW HITPOINT WARNING * * *
The flying skull barely misses you. The flying skull hits you!
* * * LOW HITPOINT WARNING * * *
The flying skull hits you!
* * * LOW HITPOINT WARNING * * *
The flying skull closely misses you. The flying skull barely misses you.
Unknown command.
Unknown command.
Unknown command.
Unknown command.
Firing (i - inventory. (/) - cycle)
a - 193 arrows (quivered)
Press: ? - help, Shift-Dir - straight line, f - flying skull
Aim: a flying skull (severely damaged)
You shoot an arrow.
The arrow pierces through the flying skull but does no damage.
The flying skull is severely damaged.
The flying skull completely misses you. The flying skull misses you.
The flying skull completely misses you. x2
The flying skull closely misses you. The flying skull hits you.
You die...

#.©.#....≈....#.©.#.....#8#
#...#...≈8≈...#...#.8...###
#.©.#....≈....#.©.#.....#
########...###########..###
≈.©$.≈!#...#z..[©}?.z#..#8#
..§§.≈.#...#.#.#.#.#.#..###
≈^§^≈.^#...#..#.#.#..#..#
.§≈≈.≈.#...#.#.#z#.#.#..###
.≈.≈.≈≈#...#..#z@z#..#..#8#
§...§..#...#.#(#z#z#.#..###
.≈≈.§≈.#...#..#.#z#.(#..#
..≈.§≈.#...#.#.#.#§#(#..###
≈≈...≈.#...#.......(.#..#8#
########§..###########..###
#.©.#....≈....#.©.#.....#
#...#...≈8≈...#...#.8...###
#.©.#....≈....#.©.#.....#8#


You could see 6 flying skulls.

Vanquished Creatures
  A hydra (D:8)
  A catoblepas (D:11)
  2 two-headed ogres (D:10)
  An unseen horror (D:11)
  Pikel (D:3)
  An orc knight (D:11)
  2 ugly things
  A cyclops (D:11)
  A manticore (D:11)
  Maurice (D:11)
  An elephant (D:9)
  2 centaur skeletons
  A spiny frog (Lair:1)
  A gargoyle (D:11)
  A kobold demonologist (D:11)
  A komodo dragon (Lair:1)
  3 trolls
  A tengu conjurer (D:11)
  2 hippogriffs (D:11)
  2 dream sheep (D:8)
  A vampire (D:11)
  10 flying skulls (Gauntlet)
  2 shadows
  Sigmund (D:2)
  Eustachio (D:4)
  22 yaks
  2 wraiths
  A ynoxinul (Gauntlet)
  2 basilisks
  5 hungry ghosts
  3 vampire mosquitoes (D:11)
  5 soldier ants (D:6)
  2 acid dragons (D:11)
  7 water moccasins
  A porcupine (Lair:1)
  7 orc warriors
  A hornet zombie (D:8)
  3 ice beasts
  3 slaves
  An eye of draining (D:11)
  3 black bears
  5 sky beasts
  A phantom (D:11)
  2 necrophages
  3 ogres
  5 centaurs
  2 crocodiles
  8 big kobolds
  A gnoll sergeant (D:5)
  10 bullfrogs
  Blork the orc (D:4)
  A wyvern skeleton (D:11)
  6 scorpions
  A water moccasin skeleton (D:11)
  14 killer bees
  9 wights
  3 howler monkeys (D:11)
  3 crimson imps
  7 orc priests
  A jelly (D:11)
  6 hounds
  2 iron imps (Gauntlet)
  2 bullfrog skeletons
  12 orc wizards
  3 iguanas
  Ijyb (D:3)
  Terence (D:2)
  15 worker ants
  A hound zombie (D:10)
  A hound skeleton (D:5)
  Robin (D:1)
  10 gnolls
  11 adders
  3 shadow imps
  3 oozes
  An adder skeleton (D:8)
  3 worms
  2 dart slugs
  3 leopard geckos
  47 orcs
  2 ball pythons
  4 bats
  A giant cockroach (D:2)
  33 hobgoblins
  9 jackals (D:1)
  15 kobolds
  4 quokkas
  A ball python zombie (D:5)
  8 frilled lizards
  40 goblins
  6 rats
444 creatures vanquished.

Vanquished Creatures (collateral kills)
  Natasha (D:1)
1 creature vanquished.

Vanquished Creatures (others)
  A leopard gecko (D:10)
1 creature vanquished.

Grand Total: 446 creatures vanquished

Notes
Turn   | Place    | Note
-------+----------+-------------------------------------------
     0 | D:1      | Amplified the Gnoll Transmuter began the quest for the Orb.
     0 | D:1      | Reached XP level 1. HP: 17/17 MP: 6/6
   175 | D:1      | Reached XP level 2. HP: 19/23 MP: 7/7
   189 | D:1      | Learned a level 2 spell: Sticks to Snakes
   362 | D:1      | Reached XP level 3. HP: 27/28 MP: 9/9
   434 | D:1      | Reached skill level 5 in Spellcasting
  1199 | D:2      | Reached skill level 1 in Invocations
  1299 | D:2      | Noticed Sigmund
  1299 | D:2      | Noticed Natasha
  1302 | D:2      | Noticed Terence
  1365 | D:2      | Noticed Robin
  1372 | D:1      | Killed Robin
  1372 | D:1      | Reached skill level 1 in Short Blades
  1372 | D:1      | Reached skill level 1 in Long Blades
  1372 | D:1      | Reached skill level 1 in Axes
  1372 | D:1      | Reached skill level 1 in Maces & Flails
  1372 | D:1      | Reached skill level 1 in Polearms
  1372 | D:1      | Reached skill level 1 in Staves
  1372 | D:1      | Reached skill level 1 in Slings
  1372 | D:1      | Reached skill level 1 in Bows
  1372 | D:1      | Reached skill level 1 in Crossbows
  1372 | D:1      | Reached skill level 1 in Throwing
  1372 | D:1      | Reached skill level 1 in Armour
  1372 | D:1      | Reached skill level 1 in Stealth
  1372 | D:1      | Reached skill level 1 in Shields
  1372 | D:1      | Reached skill level 1 in Evocations
  1372 | D:1      | Reached XP level 4. HP: 16/34 MP: 11/11
  1403 | D:1      | Killed Natasha
  1912 | D:3      | Reached skill level 1 in Conjurations
  1912 | D:3      | Reached skill level 1 in Hexes
  1912 | D:3      | Reached skill level 1 in Charms
  1912 | D:3      | Reached skill level 1 in Summonings
  1912 | D:3      | Reached skill level 1 in Necromancy
  1912 | D:3      | Reached skill level 1 in Translocations
  1912 | D:3      | Reached skill level 1 in Fire Magic
  1912 | D:3      | Reached skill level 1 in Ice Magic
  1912 | D:3      | Reached skill level 1 in Air Magic
  1912 | D:3      | Reached skill level 1 in Earth Magic
  1912 | D:3      | Reached skill level 1 in Poison Magic
  1919 | D:3      | Learned a level 3 spell: Spider Form
  1937 | D:3      | Noticed Ijyb
  1999 | D:4      | Reached XP level 5. HP: 35/40 MP: 12/12
  2112 | D:4      | Found a shattered altar of Ashenzari.
  2152 | D:4      | Found a sparkling altar of Nemelex Xobeh.
  2256 | D:4      | Became a worshipper of Ashenzari the Shackled
  2307 | D:4      | Noticed Blork the orc
  2319 | D:4      | Killed Blork the orc
  2319 | D:4      | Reached XP level 6. HP: 29/47 MP: 13/13
  2465 | D:4      | Noticed Pikel
  2608 | D:4      | Found a shimmering altar of Xom.
  2613 | D:4      | Found a bloodstained altar of Trog.
  2618 | D:4      | Found a basalt altar of Yredelemnul.
  2695 | D:4      | Noticed a slave
  2696 | D:4      | Noticed a slave
  2697 | D:4      | Noticed a slave
  2699 | D:4      | Noticed a slave
  2712 | D:3      | Killed a slave
  3030 | D:3      | Found a blossoming altar of Fedhas.
  3114 | D:2      | Reached skill level 5 in Dodging
  3227 | D:2      | Killed Sigmund
  3227 | D:2      | Reached XP level 7. HP: 47/52 MP: 15/15
  3242 | D:2      | Killed Terence
  3242 | D:2      | Reached skill level 7 in Unarmed Combat
  3558 | D:2      | Learned a level 4 spell: Ice Form
  3867 | D:4      | Noticed Eustachio
  3901 | D:3      | Killed Pikel
  3901 | D:3      | Reached XP level 8. HP: 32/60 MP: 16/16
  4340 | D:5      | Entered Level 5 of the Dungeon
  4625 | D:5      | Found a snail-covered altar of Cheibriados.
  4680 | D:5      | Got the spear of Distraction {freeze, Str+2}
  4681 | D:5      | Identified the +5 spear of Distraction {freeze, Str+2} (You
                  | found it on level 5 of the Dungeon)
  4989 | D:6      | Found a runed translucent door.
  4993 | D:6      | Found a runed translucent gate.
  4993 | D:6      | Found a runed translucent gate.
  5001 | D:6      | Found a runed translucent gate.
  5009 | D:6      | Found a runed translucent door.
  5018 | D:6      | Found the +9 staff of Olgreb {rPois}
  5044 | D:6      | Found a shimmering blue altar of Sif Muna.
  5182 | D:6      | Reached * piety under Ashenzari
  5779 | D:6      | Found a staircase to the Ecumenical Temple.
  5848 | D:6      | Reached XP level 9. HP: 66/66 MP: 18/18
  6313 | D:5      | Reached skill level 5 in Transmutations
  7250 | D:4      | Killed Eustachio
  7250 | D:4      | Reached skill level 5 in Fighting
  7267 | D:4      | Gained mutation: You are frail. (-10% HP) [potion of
                  | mutation]
  7267 | D:4      | Gained mutation: You have a pair of small horns on your
                  | head. [potion of mutation]
  7299 | D:4      | Found a blossoming altar of Fedhas.
  7299 | D:4      | Found a sacrificial altar of Ru.
  7300 | D:4      | Found a sparkling altar of Nemelex Xobeh.
  7346 | D:4      | Found a glowing golden altar of the Shining One.
  7439 | D:4      | Learned a level 5 spell: Blade Hands
  7808 | D:7      | Reached skill level 8 in Unarmed Combat
  7978 | D:7      | Reached skill level 5 in Invocations
  8006 | D:7      | Found a radiant altar of Vehumet.
  8296 | D:7      | Reached ** piety under Ashenzari
  8363 | D:7      | Reached XP level 10. HP: 36/66 MP: 20/20
  8795 | D:8      | Found Toadoq's Jewellery Emporium.
  9158 | D:8      | Reached skill level 5 in Short Blades
  9158 | D:8      | Reached skill level 5 in Long Blades
  9158 | D:8      | Reached skill level 5 in Axes
  9158 | D:8      | Reached skill level 5 in Maces & Flails
  9158 | D:8      | Reached skill level 5 in Polearms
  9158 | D:8      | Reached skill level 5 in Staves
  9158 | D:8      | Reached skill level 5 in Slings
  9158 | D:8      | Reached skill level 5 in Bows
  9158 | D:8      | Reached skill level 5 in Crossbows
  9158 | D:8      | Reached skill level 5 in Throwing
  9158 | D:8      | Reached skill level 5 in Armour
  9158 | D:8      | Reached skill level 5 in Stealth
  9158 | D:8      | Reached skill level 5 in Shields
  9158 | D:8      | Reached skill level 5 in Evocations
  9266 | D:8      | Noticed a two-headed hydra
  9273 | D:8      | Killed a two-headed hydra
  9284 | D:8      | Got the halberd "Uxzyrem" {elec, rPois SInv}
  9454 | D:8      | Identified the +3 halberd "Uxzyrem" {elec, rPois SInv} (You
                  | found it on level 8 of the Dungeon)
  9820 | D:9      | Found a staircase to the Lair.
  9820 | D:9      | Noticed an elephant
  9842 | D:9      | Killed an elephant
  9842 | D:9      | Reached XP level 11. HP: 32/73 MP: 22/22
 10189 | D:9      | Reached skill level 9 in Unarmed Combat
 10373 | D:9      | Reached skill level 5 in Conjurations
 10373 | D:9      | Reached skill level 5 in Hexes
 10373 | D:9      | Reached skill level 5 in Charms
 10373 | D:9      | Reached skill level 5 in Summonings
 10373 | D:9      | Reached skill level 5 in Necromancy
 10373 | D:9      | Reached skill level 5 in Translocations
 10373 | D:9      | Reached skill level 5 in Fire Magic
 10373 | D:9      | Reached skill level 5 in Ice Magic
 10373 | D:9      | Reached skill level 5 in Air Magic
 10373 | D:9      | Reached skill level 5 in Earth Magic
 10373 | D:9      | Reached skill level 5 in Poison Magic
 11631 | D:3      | Killed Ijyb
 11638 | D:3      | Lost mutation: You are frail. (-10% HP) [potion of
                  | mutation]
 11638 | D:3      | Lost mutation: You have a pair of small horns on your head.
                  | [potion of mutation]
 11638 | D:3      | Gained mutation: You are agile. (Dex +2) [potion of
                  | mutation]
 11638 | D:3      | Gained mutation: You occasionally shout uncontrollably at
                  | your foes. [potion of mutation]
 11638 | D:3      | Gained mutation: You have large cloven feet. [potion of
                  | mutation]
 11991 | D:10     | Entered Level 10 of the Dungeon
 12123 | D:10     | Noticed a two-headed ogre
 12244 | D:10     | Killed a two-headed ogre
 12290 | D:10     | Noticed a two-headed ogre
 12310 | D:10     | Killed a two-headed ogre
 12681 | D:10     | Reached *** piety under Ashenzari
 12751 | D:10     | Noticed a white ugly thing
 12765 | D:10     | Killed a white ugly thing
 13187 | D:11     | Reached XP level 12. HP: 64/90 MP: 24/24
 13703 | D:11     | Noticed Maurice
 13723 | D:11     | Killed Maurice
 14482 | D:11     | Found Muddov's Weapon Shop.
 14482 | D:11     | Found a staircase to the Orcish Mines.
 14482 | D:11     | Found Kecij's Armour Shop.
 14599 | D:11     | Found Witanaow's Book Shoppe.
 15128 | D:11     | Noticed a catoblepas
 15139 | D:11     | Killed a catoblepas
 15139 | D:11     | Reached skill level 10 in Unarmed Combat
 15521 | D:11     | Bought the +8 storm bow {elec, penet} for 989 gold pieces
 15521 | D:11     | Found the +8 storm bow {elec, penet}
 15786 | Lair:1   | Entered Level 1 of the Lair of Beasts
 15865 | Lair:1   | Reached XP level 13. HP: 97/97 MP: 26/26
 15971 | Lair:1   | Found a gate leading to a gauntlet.
 16009 | Gauntlet | Entered a Gauntlet
 16009 | Gauntlet | Found a transporter.
 16009 | Gauntlet | Found a transporter.
 16009 | Gauntlet | Found a transporter.
 16025 | Gauntlet | Found a transporter.
 16029 | Gauntlet | Found a transporter.
 16039 | Gauntlet | Found a transporter.
 16040 | Gauntlet | Identified the +0 cloak of Wymacaz {rC- Int+3 SInv}
 16043 | Gauntlet | Found a transporter.
 16055 | Gauntlet | Found a transporter.
 16072 | Gauntlet | Noticed a death ooze
 16074 | Gauntlet | Identified the ring "Ewygef" {rF- Int+3 Dex+7}
 16103 | Gauntlet | Found a transporter.
 16141 | Gauntlet | Found a transporter.
 16145 | Gauntlet | Found a transporter.
 16160 | Gauntlet | Found a transporter.
 16292 | Gauntlet | HP: 3/99 [flying skull (7)]
 16293 | Gauntlet | Slain by a flying skull

Levels and vault maps discovered:
D:1:      mrwooster_arrival_statue_3, layout_basic
D:2:      layout_loops_cross, uniq_terence, uniq_natasha, uniq_sigmund,
          uniq_robin
D:3:      layout_basic, hangedman_abyss_or_decor_stabs, fedhas_altar_2,
          uniq_ijyb
D:4:      layout_gridville, nicolae_overflow_quartered_altars,
          minmay_overflow_temple_star_quad, ashenzari_conservatory_becter,
          first_ration, chequers_serial_rivers_small_b,
          nemelex_lonely_heart_becter, uniq_pikel, uniq_eustachio,
          uniq_blork_the_orc
D:5:      minmay_goblin_kobold_castle, layout_basic, kennysheep_slug_shrine,
          chequers_decorated_corner
D:6:      layout_gridville, kennysheep_mini, minmay_temple_entry_butterflies,
          minmay_guarded_unrand_staff_of_olgreb
D:7:      layout_gridville, vehumet_altar_wand_db
D:8:      minmay_chambers_of_sixes, layout_cave_pools, serial_shops, shop,
          hangedman_ranch [blue_anna_fruit_fields]
D:9:      layout_loops_ring, david_lair_generic, minmay_large_rounded_square,
          bh_chokoban, uniq_erica, uniq_joseph
D:10:     layout_rooms, lemuel_flame_loot_1
D:11:     minmay_the_grid_triangle_9x9_recursive_3_mashed
          [minmay_the_grid_triangle_9x9_corruption,
          minmay_the_grid_triangle_9x9_negative_grid,
          minmay_the_grid_triangle_9x9_sprig,
          minmay_the_grid_triangle_9x9_prize_top_heavy,
          minmay_the_grid_triangle_9x9_from_above,
          minmay_the_grid_triangle_9x9_wacky_v,
          minmay_the_grid_triangle_9x9_flanged_cone,
          minmay_the_grid_triangle_9x9_swiss_cheese,
          minmay_the_grid_triangle_9x9_impossible_snake], layout_basic,
          orc_david_3, serial_shops, shop, uniq_maurice
D:12:     layout_irregular_city, lightli_church_of_beogh
Lair:1:   layout_layer_cave, gauntlet_entry_generic, gammafunk_ghost_cemetery,
          basic_altar, cheibrodos_lair_reptile_den
Gauntlet: gammafunk_gauntlet_hard_choice [nicolae_gauntlet_arena_grate_2,
          nicolae_gauntlet_arena_x, nicolae_gauntlet_arena_flowing_pool,
          gammafunk_gauntlet_arena_grid, gammafunk_gauntlet_arena_chambers,
          nicolae_gauntlet_arena_blocks, gauntlet_exit_hidden_loot]

Skill      XL: |  1  2  3  4  5  6  7  8  9 10 11 12 |
---------------+-------------------------------------+-----
Spellcasting   | 5 6 7 8 9 |  9.4
Invocations    | 1 2 3 4 5 6 7 8 |  8.7
Short Blades   | 1 2 3 4 5 6 7 |  7.9
Long Blades    | 1 2 3 4 5 6 7 |  7.9
Axes           | 1 2 3 4 5 6 7 |  7.9
Maces & Flails | 1 2 3 4 5 6 7 |  7.9
Polearms       | 1 2 3 4 5 6 7 |  7.9
Staves         | 1 2 3 4 5 6 7 |  7.9
Slings         | 1 2 3 4 5 6 7 |  7.9
Bows           | 1 2 3 4 5 6 7 |  7.9
Crossbows      | 1 2 3 4 5 6 7 |  7.9
Throwing       | 1 2 3 4 5 6 7 |  7.9
Armour         | 1 2 3 4 5 6 7 |  7.9
Stealth        | 1 2 3 4 5 6 7 |  7.9
Shields        | 1 2 3 4 5 6 7 |  7.9
Evocations     | 1 2 3 4 5 6 7 |  7.9
Conjurations   | 1 2 3 4 5 6 |  6.6
Hexes          | 1 2 3 4 5 6 |  6.6
Charms         | 1 2 3 4 5 6 |  6.6
Summonings     | 1 2 3 4 5 6 |  6.6
Necromancy     | 1 2 3 4 5 6 |  6.6
Translocations | 1 2 3 4 5 6 |  6.6
Fire Magic     | 1 2 3 4 5 6 |  6.6
Ice Magic      | 1 2 3 4 5 6 |  6.6
Air Magic      | 1 2 3 4 5 6 |  6.6
Earth Magic    | 1 2 3 4 5 6 |  6.6
Poison Magic   | 1 2 3 4 5 6 |  6.6
Fighting       | 3 4 5 6 7 8 |  8.4
Transmutations | 4 5 6 7 |  7.7
Dodging        | 5 6 7 8 9 |  9.2
Unarmed Combat | 7 8 9 10 | 10.2

Action                   |  1- 3 |  4- 6 |  7- 9 | 10-12 | 13-15 || total
-------------------------+-------+-------+-------+-------+-------++-------
Melee: Unarmed           |    88 |    37 |     6 |       |       ||   131
       Bite              |    11 |    16 |    41 |   115 |       ||   183
       Punch             |     2 |     9 |    16 |    43 |       ||    70
       Flail             |       |   121 |    60 |       |       ||   181
       Spear             |       |       |   338 |   121 |       ||   459
       Whip              |       |       |    60 |       |       ||    60
       Headbutt          |       |       |     9 |    52 |       ||    61
       Halberd           |       |       |       |   222 |       ||   222
       Staff             |       |       |       |   535 |       ||   535
       Kick              |       |       |       |   193 |       ||   193
 Fire: Longbow           |       |       |       |    19 |    58 ||    77
Throw: Throwing net      |     2 |       |       |       |       ||     2
       Dart              |       |     7 |    12 |    13 |       ||    32
 Cast: Sticks to Snakes  |       |     4 |     1 |       |       ||     5
       Ice Form          |       |       |     1 |       |       ||     1
Invok: Curse Item        |       |       |     1 |     4 |       ||     5
Evoke: Wand              |       |     5 |    11 |    24 |     1 ||    41
  Use: Scroll            |     3 |     5 |     6 |    12 |       ||    26
       Potion            |     1 |     2 |     7 |     7 |     3 ||    20
 Stab: Sleeping          |     1 |     2 |     6 |    13 |       ||    22
       Distracted        |       |       |       |     2 |       ||     2
       Confused          |       |       |       |     2 |       ||     2
  Eat: Chunk             |     1 |     4 |    11 |    20 |       ||    36
       Ration            |       |     1 |     2 |     3 |       ||     6
Armor: Robe              |    15 |    37 |    74 |       |       ||   126
       Skin              |       |       |    17 |    16 |       ||    33
       Chain mail        |       |       |    18 |   132 |       ||   150
       Leather armour    |       |       |       |    96 |    16 ||   112
Dodge: Dodged            |    58 |   136 |   310 |   565 |   136 ||  1205
